 Dungeon Crawl Stone Soup version 0.27-a0-1557-g57f10a3 (webtiles) character file.

Game seed: 5381103710361856992

62 Think the Shield-Bearer (level 4, -1/31 HPs)
             Began as an Octopode Fighter on July 15, 2021.
             Killed by divine providence
             ... invoked by an orc priest
              (12 damage)
             ... on level 3 of the Dungeon.
             The game lasted 00:03:41 (1760 turns).

Think the Shield-Bearer (Octopode Fighter)          Turns: 1760, Time: 00:03:41

Health: -1/31      AC:  1    Str: 21    XL:     4   Next: 8%
Magic:  4/4        EV: 11    Int: 11    God:
Gold:   44         SH:  9    Dex: 11    Spells: 3/3 levels left

rFire    . . .     SeeInvis .   a - +0 rapier
rCold    . . .     Faith    .   b - +0 kite shield
rNeg     . . .     Spirit   .   (helmet restricted)
rPois    .         Reflect  .   (no amulet)
rElec    .         Harm     .   h - +6 ring of strength
rCorr    .         Rampage  .   (no ring)
Will     .....                  (no ring)
Stlth    ++........             (no ring)
HPRegen  0.10/turn              (no ring)
MPRegen  0.09/turn              (no ring)
                                (no ring)
                                (no ring)

@: lethally poisoned (-1 -> -3)
A: almost no armour, amphibious, 8 rings, camouflage 1, gelatinous body 1,
(nimble swimmer 1), tentacles
a: no special abilities


You were on level 3 of the Dungeon.
You visited 1 branch of the dungeon, and saw 3 of its levels.

You collected 44 gold pieces.

Inventory:

Hand Weapons
 a - a +0 rapier (weapon)
Armour
 b - a +0 kite shield (worn)
Jewellery
 h - a +6 ring of strength (left tentacle)
Scrolls
 d - a scroll of amnesia {unknown}
 e - a scroll of noise
 f - a scroll of identify
 g - a scroll of teleportation {unknown}
 j - a scroll of fog {unknown}
 l - a scroll of magic mapping {unknown}
Potions
 c - a potion of might
 i - a potion of lignification {unknown}
 k - a potion of flight {unknown}


   Skills:
 - Level 3.0 Fighting
 + Level 3.3 Short Blades
 - Level 3.0 Dodging
 + Level 4.0 Shields


You had 3 spell levels left.
You didn't know any spells.
Your spell library contained the following spells:

 Spells                   Type           Power      Damage    Failure   Level
 Beastly Appendage        Tmut           0%         N/A       82%         1
 Wereblood                Tmut           0%         N/A       91%         2
 Gell's Gravitas          Tloc           0%         N/A       99%         3
 Spider Form              Tmut/Pois      0%         N/A       99%         3
 Teleport Other           Tloc           0%         N/A       99%         3
 Dispersal                Tloc           0%         N/A       100%        6


Dungeon Overview and Level Annotations

Branches:
Dungeon (3/15)

Altars:

Shops:
D:1 [   D:2 *[


Innate Abilities, Weirdness & Mutations

You cannot wear most types of armour.
You are amphibious.
You can wear up to eight rings at the same time.
Your skin changes colour to match your surroundings (Stealth+).
Your rubbery body absorbs attacks. (AC +1, EV +1)
((You are camouflaged near water. (Stealth+)))
You have tentacles for arms and can constrict up to eight enemies at once.


Message History

You climb downwards.
There is a stone staircase leading up here.
You open the door.
An adder, a bullfrog and a giant cockroach come into view.
The adder hisses angrily.
The bullfrog gives a loud, deep croak!
A dart slug comes into view.
The adder bites you.
You are poisoned.
The adder poisons you!
The giant cockroach moves out of view.
You hear a shout! x3
You hit the adder. You grab the adder.
The adder is lightly wounded.
You constrict the adder.
You feel sick. You block the adder's attack.
An orc priest comes into view. It is wielding a +2 dagger of draining.
You hit the adder but do no damage. Your squeeze misses the adder.
The adder is heavily wounded.
You constrict the adder.
You feel sick. You block the adder's attack. The adder bites you.
You are more poisoned.
The adder poisons you!
You hit the adder.
You kill the adder!
You feel sick.
An endoplasm comes into view.
An orc comes into view. It is wielding a +0 club.
The bullfrog completely misses you.
An orc comes into view. It is wielding a +0 short sword.
The orc moves out of view.
Your Shields skill increases to level 4!
You have reached level 4!
You feel sick.
The endoplasm quivers.
You block the bullfrog's attack.
There is a stone staircase leading up here.
You feel sick.
The giant cockroach waves its antennae.
The bullfrog hits you.
The orc priest calls down the wrath of Beogh upon you.
Beogh smites you!
You die...

####
#@.##
#.F.#
##B†#
###w.
..o.
.8...
..J..
...#
..#+


You could see a bullfrog, an orc priest, a dart slug, an endoplasm and a giant
cockroach.

Vanquished Creatures
  3 adders
  A worm (D:2)
  3 endoplasms
  A giant cockroach (D:2)
  4 hobgoblins
  2 quokkas (D:2)
  5 ball pythons
  3 bats
  A frilled lizard (D:2)
  5 goblins
  5 rats
33 creatures vanquished.

Notes
Turn   | Place    | Note
-------+----------+-------------------------------------------
     0 | D:1      | Think the Octopode Fighter began the quest for the Orb.
     0 | D:1      | Reached XP level 1. HP: 16/16 MP: 1/1
   253 | D:1      | Reached XP level 2. HP: 21/21 MP: 2/2
   535 | D:1      | Found Ceigh's Armour Boutique.
   858 | D:2      | Found Vemuclan's General Store.
   880 | D:2      | Found Erahij's Armour Boutique.
   899 | D:2      | Found Otithri's General Store.
  1008 | D:2      | Reached XP level 3. HP: 20/26 MP: 3/3
  1546 | D:2      | Found a faded altar of an unknown god.
  1755 | D:3      | Noticed a bullfrog
  1759 | D:3      | Reached skill level 4 in Shields
  1759 | D:3      | Reached XP level 4. HP: 18/31 MP: 4/4
  1760 | D:3      | Killed from afar by an orc priest

Illustrated notes

Levels and vault maps discovered:
D:1:      lightli_arrival_farm, layout_basic, serial_shops, shop
D:2:      layout_basic, serial_shops, shop_statue, nicolae_shop_waterfront,
          nicolae_shop_behind_doors, shapermc_ecumenical_altar_pompeii
D:3:      layout_loops_ring, serial_bayou_ford_a, grunt_ministairs_6,
          chequers_serial_rivers_micro_b, minmay_fractal_squares_5

Skill      XL: |  1  2  3 |
---------------+----------+-----
Short Blades   | 3 |  3.3
Shields        | 4 |  4.0
Fighting       | |  3.0
Dodging        | |  3.0

Action                   |  1- 3 |  4- 6 || total
-------------------------+-------+-------++-------
Melee: Rapier            |    56 |       ||    56
       Constrict         |    14 |       ||    14
       Tentacles         |    10 |       ||    10
  Use: Scroll            |     1 |       ||     1
 Stab: Sleeping          |     7 |       ||     7
Armor: Skin              |     5 |       ||     5
Dodge: Dodged            |    19 |       ||    19
Block: Kite shield       |    20 |     1 ||    21

Table legend: (Time is in decaauts)
 A = Elapsed time spent in this place.
 B = Non-inter-level travel time spent in this place.
 C = Inter-level travel time spent in this place.
 D = Time resting spent in this place.
 E = Time spent auto-exploring this place.
 F = Levels seen in this place.
 G = Mean time per level.
                   A        B        C        D        E       F      G
               +--------+--------+--------+--------+--------+-----+--------+
         Total |   1775 |   1736 |     39 |      0 |   1536 |   3 |  591.7 |
       Dungeon |   1775 |   1736 |     39 |      0 |   1536 |   3 |  591.7 |
               +--------+--------+--------+--------+--------+-----+--------+

Top non-repeatable levels by time:
     D:2: 1077 daAuts
     D:1: 689 daAuts
     D:3: 7 daAuts
